 Dungeon Sprint DCSS version 0.28.0-43-g3370ac3207 (webtiles) character file.

Game seed: 8105879908863590438

20964 boopmooplesden the Minotaur Blade (level 12, -42/136 HPs)
             Began as a Minotaur Berserker on Mar 11, 2022.
             Was the Champion of Trog.
             Killed from afar by Roxanne (51 damage)
             ... with a crystal spear
             ... in the Dungeon (Sprint II: "The Violet Keep of Menkaure").
             The game lasted 00:10:31 (2693 turns).

boopmooplesden the Minotaur Blade (MiBe)            Turns: 2693, Time: 00:10:32

Health: -42/136    AC: 37    Str: 30 (31) XL:     12   Next: 50%
Magic:  11/11      EV: 11    Int:  3 (4)  God:    Trog [******]
Gold:   63         SH:  8    Dex: 10      Spells: 11/11 levels left

rFire   + + .      SeeInvis .   z - +5 demon blade
rCold   + + +      Faith    .   u - +3 buckler
rNeg    . . .      Spirit   .   c - +10 plate armour of the Crushed Beasts {+Blink rPois rC+++ Int-5}
rPois   +          Reflect  .   (helmet restricted)
rElec   +          Harm     +   A - +0 cloak "Zeufaol" {rElec Will- rCorr}
rCorr   +          Rampage  .   C - +3 pair of gloves "Sane" {Str+6 Int+3}
Will    .....      NoTele   +   x - +0 pair of boots of Shadows and Fog {Harm Regen+}
Stlth   ..........              (no amulet)
HPRegen 1.12/turn               l - ring of protection from fire
MPRegen 0.12/turn               p - ring of the Skies Above {rElec rF+ Will+}

@: on berserk cooldown, slowed, studying Armour, very slow
A: horns 2, retaliatory headbutt, deterioration 1, screaming 1
a: Renounce Religion, Evoke Blink, Berserk, Trog's Hand, Brothers in Arms


You were in the Dungeon.
You worshipped Trog.
Trog was exalted by your worship.
You visited 1 branch You collected 1931 gold pieces.
You spent 1868 gold pieces at shops.

Inventory:

Hand Weapons
 a - a +1 falchion
 m - a +7 great sword
 o - a +2 hand crossbow of flaming
 w - a +6 antimagic falchion
 z - a +5 demon blade (weapon)
 B - a +2 war axe of flaming
Missiles
 v - 4 javelins (quivered)
Armour
 c - the +10 plate armour of the Crushed Beasts (worn) {+Blink rPois rC+++ Int-5}
   (You bought it in a shop in the Dungeon)

   Int:       It affects your intelligence (-5).
   rC:        It renders you almost immune to cold.
   rPois:     It protects you from poison.
   +Blink:    It lets you blink.
 e - +0 storm dragon scales
 u - a +3 buckler (worn)
 x - the +0 pair of boots of Shadows and Fog (worn) {Harm Regen+}
   (You bought it in a shop in the Dungeon)

   Regen:     It increases your rate of health regeneration.
   Harm:      It increases damage dealt and taken.
 y - a +1 cloak of preservation
 A - the +0 cloak "Zeufaol" (worn) {rElec Will- rCorr}
   (You acquired it in the Dungeon)

   rElec:     It insulates you from electricity.
   rCorr:     It protects you from acid and corrosion.
   Will:      It decreases your willpower.
 C - the +3 pair of gloves "Sane" (worn) {Str+6 Int+3}
   (You acquired it in the Dungeon)

   Str:       It affects your strength (+6).
   Int:       It affects your intelligence (+3).
Jewellery
 l - a ring of protection from fire (left hand)
 p - the ring of the Skies Above (right hand) {rElec rF+ Will+}
   (You bought it in a shop in the Dungeon)

   [ring of willpower]

   rF:        It protects you from fire.
   rElec:     It insulates you from electricity.
   Will:      It increases your willpower.
Scrolls
 d - 3 scrolls of identify
 h - a scroll of blinking
 t - a scroll of fog
Potions
 f - 5 potions of magic
 g - a potion of berserk rage
 i - 2 potions of invisibility
 j - 3 potions of resistance
 k - 4 potions of ambrosia
 n - a potion of curing
 s - 3 potions of flight


   Skills:
 + Level 21.4 Fighting
 + Level 21.7 Long Blades
 + Level 19.7 Armour
 + Level 10.1 Dodging
 + Level 3.3 Stealth
 + Level 8.2 Shields
 + Level 3.4 Unarmed Combat


You had 11 spell levels left.
You didn't know any spells.
Your spell library was empty.

Dungeon Overview and Level Annotations

Branches:
Dungeon (1/1)

Altars:
Cheibriados
Dithmenos
Elyvilon
Fedhas
Gozag
Hepliaklqana
Kikubaaqudgha
Makhleb
Nemelex Xobeh
Okawaru
Qazlal
Ru
Sif Muna
Trog
Uskayaw
Vehumet
Wu Jian
Xom
Yredelemnul
Zin
The Shining One
Beogh
Jiyva
Lugonu

Shops:
D =!?:[!:!*[[(?(!=?[[[*(=?(*=(=*!

Annotations:
D exclusions: ice statue and oklob plant, Roxanne


Innate Abilities, Weirdness & Mutations

You have a pair of horns on your head.
You reflexively headbutt those who attack you in melee.
Your body sometimes deteriorates upon taking damage.
You occasionally shout uncontrollably at your foes.


Message History

Splash!
Roxanne mumbles some strange words.
The bolt of magma hits you but does no damage.
Roxanne casts a spell.
The bolt of magma hits you!! You partially resist.
You hit Roxanne.
Roxanne is lightly damaged.
Roxanne casts a spell.
The bolt of magma hits you! You partially resist.
Your unstable footing causes you to fumble your attack.
You hit Roxanne but do no damage. You headbutt Roxanne, but do no damage.
Roxanne is lightly damaged.
Roxanne casts a spell.
The crystal spear hits you!!
Your body deteriorates!
You feel dopey.
Your unstable footing causes you to fumble your attack.
Your unstable footing causes you to fumble your attack.
You hit Roxanne but do no damage.
Roxanne is lightly damaged.
You hit Roxanne.
Roxanne is lightly damaged.
Roxanne casts a spell.
The iron shot hits you!!!
* * * LOW HITPOINT WARNING * * *
You slash Roxanne! You headbutt Roxanne, but do no damage.
Roxanne is lightly damaged.
You slash Roxanne!
Roxanne is lightly damaged.
Roxanne asks, "Could you be a darling and pick up those spellbooks for me?"
Okay, then.
You hit Roxanne but do no damage. You headbutt Roxanne.
Roxanne is moderately damaged.
Your unstable footing causes you to fumble your attack.
Your unstable footing causes you to fumble your attack.
Your unstable footing causes you to fumble your attack.
You slice Roxanne!!
Roxanne is moderately damaged.
Roxanne mumbles some strange words.
The crystal spear hits you!!!
You die... ▓▓▓▓▓▓###≈##.###'###.##.....§≈≈≈≈ )ll######≈≈####.#.####≈≈.§.§.§#+# =Zl#h

##≈≈≈#.###.#≈≈≈≈§§≈.§≈#..
∩PZ+.$
#'#≈##.#.##§≈§≈≈≈≈§§≈#._
$.$#$##
#)#≈≈##'##≈≈≈≈§§≈≈≈≈≈#_.
?..###..
####≈≈≈≈≈≈≈≈≈§≈§≈≈≈≈≈#._
#+###....
#+++#'§'#≈≈§≈§≈§≈≈#..
##§§≈≈§§§##§§≈###≈≈#..
##≈§§§@§§≈≈##§≈#.#≈§#..
+§≈§§§8§§§.≈+§§#'#≈≈#..
##.§§§§§§§.##≈≈§≈≈≈≈###
##≈§§§§§§###########≈≈
####+####.○.....###≈#
#.○°..°...##≈#
+..○..8..○..+≈#
##.....○°..####
##.......##


You could see Roxanne.

Vanquished Creatures
  2 golden dragons (D)
  A bone dragon (D)
  Kirke (D)
  A kraken (D)
  2 storm dragons (D)
  A frost giant (D)
  A cacodemon (D)
  A deep elf high priest (D)
  A yaktaur captain (D)
  A centaur warrior (D)
  An ice dragon (D)
  An iron elemental (D)
  2 deep trolls (D)
  A skeletal warrior (D)
  3 shining eyes (D)
  A merfolk siren (D)
  An elephant (D)
  A yaktaur (D)
  A kobold demonologist (D)
  3 polar bears (D)
  A hornet (D)
  A blink frog (D)
  4 wyverns (D)
  4 neqoxecs (D)
  2 redbacks (D)
  Menkaure (D)
  4 water moccasins (D)
  A necrophage (D)
  4 scorpions (D)
  9 electric eels (D)
  An iron imp (D)
  4 tentacles (D)
63 creatures vanquished.

Vanquished Creatures (others)
  7 tentacles (D)
7 creatures vanquished.

Grand Total: 70 creatures vanquished

Notes
Turn   | Place    | Note
-------+----------+-------------------------------------------
     0 | D        | boopmooplesden the Minotaur Berserker began the quest for
                  | the Orb.
     0 | D        | Reached XP level 1. HP: 19/19 MP: 0/0
     1 | D        | Noticed a scorpion
     1 | D        | Noticed a scorpion
     1 | D        | Noticed a scorpion
     1 | D        | Noticed a scorpion
     5 | D        | Killed a scorpion
     6 | D        | Reached XP level 2. HP: 31/31 MP: 1/1
     6 | D        | Reached XP level 3. HP: 38/38 MP: 2/2
     8 | D        | Killed a scorpion
     9 | D        | Reached XP level 4. HP: 48/48 MP: 3/3
    15 | D        | Killed a scorpion
    15 | D        | Reached ** piety under Trog
    16 | D        | Reached XP level 5. HP: 56/56 MP: 4/4
    19 | D        | Reached skill level 10 in Long Blades
    19 | D        | Reached skill level 5 in Armour
   115 | D        | Noticed a merfolk siren
   134 | D        | Killed a merfolk siren
   135 | D        | Reached skill level 5 in Dodging
   135 | D        | Reached XP level 6. HP: 28/70 MP: 5/5
   135 | D        | Reached XP level 7. HP: 30/75 MP: 6/6
   291 | D        | Noticed a wyvern
   291 | D        | Noticed a wyvern
   295 | D        | Killed a wyvern
   295 | D        | Reached *** piety under Trog
   299 | D        | Killed a wyvern
   383 | D        | Noticed a neqoxec
   384 | D        | Noticed a neqoxec
   390 | D        | Killed a neqoxec
   391 | D        | Reached XP level 8. HP: 86/86 MP: 7/7
   398 | D        | Reached **** piety under Trog
   404 | D        | Reached skill level 15 in Long Blades
   406 | D        | Found Vodwuociu's Jewellery Emporium.
   406 | D        | Found Zaydgh Yciv's Jewellery Emporium.
   406 | D        | Found Quesetee's Antique Weapon Shoppe.
   406 | D        | Found Uxkuyt's General Store.
   406 | D        | Found Xyllec's General Store.
   408 | D        | Found Eraadd's Magic Scroll Shoppe.
   408 | D        | Found Yttixaut's Jewellery Emporium.
   408 | D        | Found Lepp's Distillery.
   409 | D        | Found Zeephir's Antique Armour Emporium.
   409 | D        | Found Ubep's Antique Weapon Emporium.
   409 | D        | Found Cutestae's Antique Armour Shoppe.
   409 | D        | Noticed Menkaure
   417 | D        | Killed Menkaure
   424 | D        | Noticed a blink frog
   436 | D        | HP: 1/89 [blink frog (17)]
   441 | D        | HP: 4/89 [blink frog (15)]
   792 | D        | Found Paessua's Distillery.
   792 | D        | Found Xeotz's Book Emporium.
   792 | D        | Noticed an oklob plant
   793 | D        | Found Ebeaqaam's Magic Scroll Shoppe.
   793 | D        | Found Xehaomad's Book Shoppe.
   797 | D        | Noticed a polar bear
   798 | D        | Noticed a polar bear
   805 | D        | Bought a shimmering plate armour for 840 gold pieces
   805 | D        | Identified the +10 plate armour of the Crushed Beasts
                  | {+Blink rPois rC+++ Int-5} (You bought it in a shop in the
                  | Dungeon)
   815 | D        | Lost intelligence.
   846 | D        | Found a hazy altar of Hepliaklqana.
   846 | D        | Found a snail-covered altar of Cheibriados.
   847 | D        | Found a stormy altar of Qazlal.
   847 | D        | Found a viscous altar of Jiyva.
   847 | D        | Found a shadowy altar of Dithmenos.
   848 | D        | Found a sacrificial altar of Ru.
   848 | D        | Found an ancient bone altar of Kikubaaqudgha.
   848 | D        | Found a white marble altar of Elyvilon.
   855 | D        | Found an ornate altar of the Wu Jian Council.
   855 | D        | Found a shimmering blue altar of Sif Muna.
   855 | D        | Found a corrupted altar of Lugonu.
   856 | D        | Found a shimmering altar of Xom.
   856 | D        | Found a bloodstained altar of Trog.
   856 | D        | Found a burning altar of Makhleb.
   857 | D        | Found a glowing golden altar of the Shining One.
   857 | D        | Found a basalt altar of Yredelemnul.
   857 | D        | Found a hide-covered altar of Uskayaw.
   858 | D        | Found a glowing silver altar of Zin.
   859 | D        | Noticed a yaktaur
   859 | D        | Noticed a hornet
   859 | D        | Noticed a polar bear
   859 | D        | Noticed a polar bear
   865 | D        | Killed a polar bear
   865 | D        | Reached ***** piety under Trog
   865 | D        | Noticed a polar bear
   867 | D        | Killed a polar bear
   868 | D        | Reached skill level 1 in Stealth
   868 | D        | Reached XP level 9. HP: 96/96 MP: 8/8
   871 | D        | Killed a polar bear
   872 | D        | Reached skill level 15 in Fighting
   875 | D        | Killed a yaktaur
   963 | D        | Found a blossoming altar of Fedhas.
   979 | D        | Found a radiant altar of Vehumet.
   987 | D        | Noticed a kraken
  1059 | D        | Killed a kraken
  1059 | D        | Reached ****** piety under Trog
  1060 | D        | Reached skill level 10 in Armour
  1060 | D        | Reached XP level 10. HP: 74/108 MP: 9/9
  1227 | D        | Found a sparkling altar of Nemelex Xobeh.
  1228 | D        | Found an iron altar of Okawaru.
  1228 | D        | Found an opulent altar of Gozag.
  1235 | D        | Noticed a deep troll
  1235 | D        | Noticed a deep troll
  1243 | D        | Killed a deep troll
  1249 | D        | Killed a deep troll
  1249 | D        | Received a gift from Trog
  1286 | D        | Noticed an ice statue
  1346 | D        | Noticed Roxanne
  1363 | D        | Noticed Kirke
  1363 | D        | Noticed a skeletal warrior
  1387 | D        | Killed Kirke
  1392 | D        | Killed a skeletal warrior
  1393 | D        | Reached skill level 1 in Unarmed Combat
  1467 | D        | Noticed a yaktaur captain
  1474 | D        | Noticed a centaur warrior
  1483 | D        | Killed a centaur warrior
  1484 | D        | Reached skill level 1 in Shields
  1488 | D        | Killed a yaktaur captain
  1489 | D        | Reached XP level 11. HP: 121/121 MP: 10/10
  1532 | D        | Noticed an iron elemental
  1538 | D        | Bought the ring of the Skies Above {rElec rF+ Will+} for
                  | 552 gold pieces
  1564 | D        | Killed an iron elemental
  1904 | D        | Received a gift from Trog
  1980 | D        | Noticed an ice dragon
  1980 | D        | Noticed a shining eye
  1980 | D        | Noticed a shining eye
  1980 | D        | Noticed a shining eye
  1982 | D        | Gained mutation: You occasionally shout uncontrollably at
                  | your foes. [a shining eye]
  1985 | D        | Killed a shining eye
  1986 | D        | Reached skill level 15 in Armour
  1989 | D        | Killed a shining eye
  2002 | D        | Killed an ice dragon
  2007 | D        | Gained mutation: Your body sometimes deteriorates upon
                  | taking damage. [a shining eye]
  2008 | D        | Killed a shining eye
  2008 | D        | Received a gift from Trog
  2056 | D        | Found Zointe's Jewellery Emporium.
  2056 | D        | Found Heox's Armour Shop.
  2056 | D        | Found Genunul's Distillery.
  2056 | D        | Found Icuic's Distillery.
  2056 | D        | Found Hugraoz's Armour Boutique.
  2057 | D        | Found Bilel's Assorted Antiques.
  2057 | D        | Found Valuegei's Magic Scroll Boutique.
  2057 | D        | Found Geucanur's Armour Emporium.
  2057 | D        | Found Okemaog's Magic Scroll Shop.
  2057 | D        | Found Tote's Weapon Emporium.
  2057 | D        | Found Bass's Antique Armour Shop.
  2057 | D        | Found Leosod's Antique Weapon Shoppe.
  2065 | D        | Bought a pair of translucent boots for 266 gold pieces
  2065 | D        | Identified the +0 pair of boots of Shadows and Fog {Harm
                  | Regen+} (You bought it in a shop in the Dungeon)
  2077 | D        | Bought a runed cloak for 210 gold pieces
  2164 | D        | Noticed a cacodemon
  2164 | D        | Noticed a golden dragon
  2164 | D        | Noticed a storm dragon
  2210 | D        | Noticed a deep elf high priest
  2213 | D        | Killed a deep elf high priest
  2220 | D        | Killed a cacodemon
  2221 | D        | Reached skill level 5 in Shields
  2247 | D        | Noticed a frost giant
  2258 | D        | Killed a frost giant
  2274 | D        | Killed a storm dragon
  2323 | D        | Noticed a bone dragon
  2349 | D        | Killed a bone dragon
  2349 | D        | Received a gift from Trog
  2350 | D        | Reached skill level 10 in Dodging
  2350 | D        | Reached XP level 12. HP: 104/134 MP: 3/11
  2393 | D        | Killed a golden dragon
  2539 | D        | Noticed a golden dragon
  2549 | D        | Killed a golden dragon
  2549 | D        | Received a gift from Trog
  2577 | D        | Identified 3 scrolls of acquirement
  2577 | D        | Acquired the +3 pair of gloves "Sane" {Str+6 Int+3}
  2578 | D        | Acquired a manual of Armour
  2582 | D        | Acquired the +0 cloak "Zeufaol" {rElec Will- rCorr}
  2606 | D        | Found Pavu's Distillery.
  2606 | D        | Found Wefoid's Assorted Antiques.
  2606 | D        | Found Cucvya Zysur's Jewellery Shop.
  2606 | D        | Found Plog's Antique Weapon Boutique.
  2606 | D        | Noticed a storm dragon
  2619 | D        | Killed a storm dragon
  2686 | D        | HP: 2/136 [Roxanne/iron shot (46)]
  2693 | D        | Killed from afar by Roxanne

Illustrated notes

Levels and vault maps discovered:
D:        the_violet_keep_of_menkaure [sprint2_stairs_cluster_1,
          sprint2_shoproom, sprint2_temple, sprint2_basic_supplies,
          sprint2_obstacle_6, sprint2_obstacle_2, sprint2_obstacle_7,
          sprint2_obstacle_3, sprint2_obstacle_5, sprint2_timed_cluster_1,
          sprint2_smallroom_cluster_1, sprint2_smallroom_final_cluster_1,
          sprint2_transparent_cluster_1, sprint2_second_timed_cluster_1,
          sprint2_sniper_area_1, sprint2_heavy_combat_area_1,
          sprint2_mutation_trap_area_1, sprint2_forest_area_1,
          sprint2_light_combat_area_1, sprint2_behind_water_1,
          sprint2_near_end_vault_1]

Skill      XL: |  1  2  3  4  5  6  7  8  9 10 11 12 |
---------------+-------------------------------------+-----
Fighting       | 6 7 8 11 13 14 16 18 20 21 | 21.4
Long Blades    | 6 8 9 12 14 16 18 19 21 | 21.7
Armour         | 3 4 6 7 10 13 18 19 | 19.7
Dodging        | 3 4 5 6 7 8 9 10 | 10.1
Stealth        | 1 2 3 |  3.3
Unarmed Combat | 1 3 |  3.4
Shields        | 1 6 8 |  8.2

Action                   |  1- 3 |  4- 6 |  7- 9 | 10-12 || total
-------------------------+-------+-------+-------+-------++-------
Melee: Falchion          |     6 |    27 |   119 |   190 ||   342
       Headbutt          |     1 |     3 |    21 |    61 ||    86
       Punch             |       |     1 |     2 |       ||     3
       Unarmed           |       |       |       |     3 ||     3
       Demon blade       |       |       |       |    73 ||    73
Invok: Berserk           |     1 |       |     4 |     9 ||    14
  Use: Potion            |       |       |     2 |     4 ||     6
       Scroll            |       |       |       |    11 ||    11
Armor: Plate armour      |       |       |    51 |   125 ||   176
       Animal skin       |       |       |     2 |       ||     2
Dodge: Dodged            |     3 |     7 |    51 |    81 ||   142
Block: Buckler           |       |       |       |    37 ||    37
